Unix NetHack Version 5.0.0-0 post-release - last build Jul 14 2026 02:55:29 (1809b74e8187c3a3585e283601c3028b46cbbdcb,branch:main).

Game began 2026-07-16 20:18:58, ended 2026-07-16 20:51:29.

Jinnora, neutral female human Wizard

          #
          d
     -----#
     |<..|#
     |...|#
     |.#^[#
     |...|
     |....
     -----

Jinnora the Werejackal    St:9 Dx:17 Co:12 In:18 Wi:11 Ch:9  Neutral
Dlvl:6  $:92 HP:12(12) Pw:20(46) AC:7  HD:2 T:2185  Overloaded

Latest messages:
 You don't have enough stamina to move.
 You already found a monster.  Use 'm' prefix to force another search.
 You already found a monster.  Use 'm' prefix to force another search.
 You already found a monster.  Use 'm' prefix to force another search.
 In what direction? 6
 The spell misses the jackal.
 The jackal bites!
 The jackal bites!
 In what direction? 6
 The spell hits the jackal!
 You kill the jackal!
 The Mordor orc thrusts her spear.
 The Mordor orc hits!
 You already found a monster.  Use 'm' prefix to force another search.
 In what direction? 6
 The spell hits the Mordor orc!
 In what direction? 6
 The spell hits the Mordor orc!
 You kill the Mordor orc!
 But wait...
 The Mordor orc's medallion begins to glow!
 The Mordor orc looks much better!
 The medallion crumbles to dust!
 In what direction? 6
 The spell hits the Mordor orc!
 You kill the Mordor orc!
 You don't have enough stamina to move.
 You don't have enough stamina to move.
 You don't have enough stamina to move.
 You don't have enough stamina to move.
 You don't have enough stamina to move.
 You don't have enough stamina to move.
 Your legs feel better.
 Your movements are now unencumbered.
 You are still in a pit.
 You are still in a pit.
 You are still in a pit.
 You are still in a pit.
 You crawl to the edge of the pit.
 You see here 17 gold pieces.
 $ - 17 gold pieces (86 in total).
 $ - 6 gold pieces (92 in total).
 You turn into a werejackal!
 You shrink out of your cloak!
 You can't even move a handspan with this load!
 You find you must drop your quarterstaff!
 Use the command #monster to summon help.
 You collapse under your load.
 Really quit without saving? [yn] (n) y
 Do you want your possessions identified? [ynq] (y) q

Inventory:
 Coins    ('$')
  $ - 92 gold pieces
 Weapons  (')')
  r - a cursed +0 boomerang
  E - 20 uncursed +0 darts
  D - 12 cursed +0 darts
  P - an uncursed +0 orcish dagger
 Comestibles  ('%')
  t - an uncursed food ration
  O - an uncursed fortune cookie
  K - a cursed pear
 Scrolls  ('?')
  k - an uncursed scroll of food detection
  j - an uncursed scroll of identify
  B - a cursed scroll of identify
  w - an uncursed scroll of light
  i - an uncursed scroll of stinking cloud
  u - an uncursed scroll of teleportation
 Spellbooks  ('+')
  l - a blessed spellbook of force bolt
  m - an uncursed spellbook of wizard lock
 Potions  ('!')
  f - an uncursed potion of extra healing
  L - an uncursed potion of healing
  g - 2 uncursed potions of object detection
  h - an uncursed potion of oil
  Q - a blessed potion of sickness
  S - an uncursed potion of water
 Rings    ('=')
  R - an uncursed ring of free action
  e - an uncursed +1 ring of increase accuracy
  M - an uncursed ring of invisibility
  d - an uncursed ring of teleport control
 Wands    ('/')
  o - an uncursed wand of digging (0:5)
  p - an uncursed wand of nothing (0:6)
  c - an uncursed wand of secret door detection (0:13)
 Tools    ('(')
  U - an uncursed brass lantern
  n - an uncursed magic marker (0:19)
  I - an uncursed +0 pick-axe
  F - 5 uncursed tallow candles
 Gems/Stones  ('*')
  G - 2 uncursed emeralds
  v - an uncursed fluorite stone
  J - an uncursed worthless piece of white glass
  H - an uncursed worthless piece of yellowish brown glass

Jinnora the Wizard's attributes:

Background:
 You were in female werejackal form.
 You were actually a Conjurer, a level 5 female human Wizard.
 You were neutral, on a mission for Thoth
 who was opposed by Ptah (lawful) and Anhur (chaotic).
 You were normally right-handed.
 You were in the Dungeons of Doom, on level 6.
 You entered the dungeon 2185 turns ago.
 There was a new moon in effect when your adventure ended.

Basics:
 You had all 12 hit points.
 You had 20 out of 46 energy points (spell power).
 You had 2 hit dice.
 Your armor class was 7.
 Your wallet contained 92 zorkmids.
 Autopickup was off.

Final Characteristics:
 Your strength was 9.
 Your dexterity was 17.
 Your constitution was 12.
 Your intelligence was 18.
 Your wisdom was 11.
 Your charisma was 9.

Final Status:
 You were transformed.
 You weren't hungry.
 You were overloaded; movement was not possible.
 You weren't wielding anything.
 You were unskilled in bare handed combat.
 You weren't wearing any armor.

Final Attributes:
 You were piously aligned.
 You were poison resistant.
 You were level-drain resistant.
 You regenerated.
 You were a werejackal in beast form.
 You were harmed by silver.
 You were unlucky.
 You survived.

Miscellaneous:
 You didn't encounter any bones levels.
 Total elapsed playing time was 32 minutes and 28 seconds.

Major events:
 Turn
    1: Jinnora the neutral female human Wizard entered the dungeon
  617: entered the Gnomish Mines
  618: attained the rank of Conjurer (level 3)
 2185: quit

Spells:
 Name                 Level Category     Fail Retention
 force bolt             1   attack         0%   81%-90%
 wizard lock            2   matter        53%  76%-100%

Skills:
 Fighting Skills
   bare handed combat [Unskilled]
   riding             [Unskilled]
 Weapon Skills
   dagger             [Unskilled]
   knife              [Unskilled]
   axe                [Unskilled]
   short sword        [Unskilled]
   club               [Unskilled]
   mace               [Unskilled]
   quarterstaff       [Basic]
   polearms           [Unskilled]
   spear              [Unskilled]
   trident            [Unskilled]
   sling              [Unskilled]
   dart               [Unskilled]
   shuriken           [Unskilled]
 Spellcasting Skills
   attack spells      [Basic]
   healing spells     [Unskilled]
   divination spells  [Unskilled]
   enchantment spells [Basic]
   clerical spells    [Unskilled]
   escape spells      [Unskilled]
   matter spells      [Unskilled]

Voluntary challenges:
 Character rerolling was not enabled.
 You never genocided any monsters.
 You never polymorphed an object.
 You used no wishes.
Achievements:
 You entered the Gnomish Mines.
 You attained the rank of Conjurer.
 You entered a shop.

 The Dungeons of Doom: levels 1 to 6
    Level 1:
       A fountain.
    Level 2:
       An altar, some fountains.
       Stairs down to The Gnomish Mines.
    Level 3:
       A general store, a grave.
    Level 4:
       A general store, a fountain.
    Level 5:
    Level 6: <- You were here.
       A tree.
 The Gnomish Mines: levels 3 to 4
    Level 3:
    Level 4:


Vanquished creatures:
  a giant beetle
  a Mordor orc
  a gnome leader
  a gray ooze
  a dwarf
  2 homunculi
  2 centipedes
  a werejackal
 an iguana
  a gas spore
  a hobbit
  a hobgoblin
  a yellow mold
  9 gnomes
  a garter snake
  2 geckos
  3 jackals
  a kobold
  a goblin
  a sewer rat
  5 grid bugs
  a bat
  3 lichens
  5 newts
47 creatures vanquished.

No species were genocided or became extinct.

Goodbye Jinnora the Wizard...

You quit in The Dungeons of Doom on dungeon level 6 with 1332 points,
and 92 pieces of gold, after 2185 moves.
You were level 5 with a maximum of 29 hit points when you quit.

